 Dungeon Crawl Stone Soup version 0.25.0-26-g0c896c7088 (webtiles) character file.

Game seed: 196491651023624525

4687 Ethylacetat the Tainter (level 10, -11/85 HPs)
             Began as a Naga Venom Mage on July 5, 2020.
             Was an Initiate of Cheibriados.
             Mangled by a troll (14 damage)
             ... on level 9 of the Dungeon.
             The game lasted 00:57:53 (9644 turns).

Ethylacetat the Tainter (Naga Venom Mage)           Turns: 9644, Time: 00:57:53

Health: -11/85     AC:  6    Str: 15    XL:     10   Next: 44%
Magic:  19/19      EV: 10    Int: 16    God:    Cheibriados [......]
Gold:   349        SH:  0    Dex: 13    Spells: 16/21 levels left

rFire    . . .     SeeInvis +   w - +2 rapier (holy)
rCold    . . .     Gourm    .   (no shield)
rNeg     . . .     Faith    .   a - +1 robe {Archmagi}
rPois    +         Spirit   .   (no helmet)
rElec    .         Reflect  .   f - +0 cloak
rCorr    .         Harm     .   (no gloves)
MR       ++...                  (no barding)
Stlth    +.........             x - amulet of regeneration
HPRegen  0.64/turn              s - ring of protection from magic
MPRegen  0.16/turn              u - ring of wizardry

@: confused, very slow
A: large, see invisible, deformed body, poison resistance, slowness 2, slow
metabolism 1, spit poison 1, AC +3
a: Spit Poison, Bend Time, Renounce Religion


You were on level 9 of the Dungeon.
You worshipped Cheibriados.
Cheibriados was noncommittal.
You were not hungry.

You visited 2 branches of the dungeon, and saw 10 of its levels.

You collected 349 gold pieces.

Inventory:

Hand Weapons
 d - a +2 vampiric falchion
 w - a +2 rapier of holy wrath (weapon)
Missiles
 r - 4 curare-tipped darts (quivered)
Armour
 a - a +1 robe of the Archmagi (worn)
 f - a +0 cloak (worn)
 l - a +1 robe of fire resistance
 y - the +2 leather armour of the Battered Mystics {Str+4}
   (You found it on level 4 of the Dungeon)

   It affects your strength (+4).
Magical Staves
 v - an uncursed staff of wizardry
Jewellery
 j - the ring "Mocar" {rElec rCorr Str+2 Dex-3}
   (You took it off a centaur on level 7 of the Dungeon)

   [ring of resist corrosion]

   It affects your strength (+2).
   It affects your dexterity (-3).
   It insulates you from electricity.
   It provides partial protection from all sources of acid and corrosion.
 s - a ring of protection from magic (left hand)
 t - an uncursed ring of protection from fire
 u - a ring of wizardry (right hand)
 x - an amulet of regeneration (around neck)
 z - an uncursed ring of positive energy
Wands
 e - a wand of disintegration (16)
 A - a wand of polymorph (14)
 C - a wand of flame (20)
 E - a wand of enslavement (9)
 G - a wand of acid (8)
Scrolls
 b - 2 scrolls of noise {unknown}
 h - 12 scrolls of identify
 i - 4 scrolls of remove curse
 k - 2 scrolls of teleportation
 m - 2 scrolls of fog {unknown}
 n - 2 scrolls of enchant weapon
 o - a scroll of enchant armour
 B - 2 scrolls of amnesia {unknown}
 D - 2 scrolls of random uselessness {unknown}
Potions
 g - 2 potions of brilliance
 q - a potion of resistance
 F - a potion of experience {unknown}
Comestibles
 c - 12 rations
 H - a chunk of flesh


   Skills:
 + Level 4.1 Fighting
 - Level 1.5 Dodging
 - Level 3.0 Stealth
 + Level 4.1 Unarmed Combat
 + Level 6.4 Spellcasting
 * Level 9.5 Transmutations
 - Level 10.1 Poison Magic
 * Level 1.5 Invocations


You had 16 spell levels left.
You knew the following spells:

 Your Spells              Type           Power        Failure   Level  Hunger
a - Sting                 Tmut/Pois      ####         1%          1    None
b - Olgreb's Toxic Radia  Pois           ######..     1%          4    ####...

Your spell library contained the following spells:

 Spells                   Type           Power        Failure   Level  Hunger
 Poisonous Vapours        Pois/Air       ####..       1%          2    None
 Ignite Poison            Fire/Tmut/Pois #####...     1%          3    ##.....
 Mephitic Cloud           Conj/Pois/Air  ###.....     4%          3    ##.....


Dungeon Overview and Level Annotations

Branches:
Dungeon (9/15)             Temple (1/1) D:7
   Lair: D:8-11         Orc: D:9-12

Altars:
Ashenzari
Cheibriados
Dithmenos
Elyvilon
Fedhas
Gozag
Hepliaklqana
Kikubaaqudgha
Makhleb
Nemelex Xobeh
Okawaru
Qazlal
Ru
Sif Muna
Trog
Uskayaw
Vehumet
Wu Jian
Xom
Yredelemnul
Zin
The Shining One
Lugonu


Innate Abilities, Weirdness & Mutations

You cannot wear boots.
Your serpentine skin is tough. (AC +3)
You have supernaturally acute eyesight. (SInv)
Armour fits poorly on your strangely shaped body.
Your system is resistant to poisons. (rPois)
You cover ground very slowly.
You have a slow metabolism.
You can spit poison.


Message History

It was a potion of ambrosia.
You are confused.
You feel invigorated.
The phantom hits you but does no damage.
The troll bites you but does no damage. The troll claws you.
* * * LOW HITPOINT WARNING * * *
The troll claws you but does no damage.
You're too confused to cast spells.
The phantom hits you but does no damage.
The troll barely misses you. The troll closely misses you. The troll claws you!
* * * LOW HITPOINT WARNING * * *
A jelly comes into view.
The jelly quivers.
The troll bites you but does no damage. The troll closely misses you.
The troll claws you.
* * * LOW HITPOINT WARNING * * *
The phantom hits you.
* * * LOW HITPOINT WARNING * * *
The troll bites you!
You die...

#........# ...
#.....#........#
..##.....#........#
........ #........#
...... #........# ....
+........#
.#######'###+#........#+
........W...............
.......@T...............
........................
..J................)....
..?.....................
........................
........................
#######.....###+########
#.....# #.....#


You could see a troll (extremely poisoned), a phantom and a jelly.

Vanquished Creatures
  A hippogriff (D:7)
  Grinder (D:6)
  Sigmund (D:3)
  A hungry ghost (D:9)
  Eustachio (D:4)
  A water moccasin (D:7)
  6 sky beasts
  4 ogres
  An ice beast (D:6)
  An eye of draining (D:8)
  4 phantoms
  4 centaurs
  A big kobold (D:8)
  2 bullfrogs
  A water moccasin skeleton (D:6)
  5 scorpions
  4 howler monkeys
  8 wights
  A bullfrog zombie (D:8)
  2 crimson imps (D:8)
  A quasit (D:6)
  3 jellies
  3 orc priests
  3 hounds
  2 bullfrog skeletons
  4 orc wizards
  2 iguanas
  9 worker ants
  3 gnolls (D:3)
  14 adders
  2 oozes
  An adder skeleton (D:3)
  2 adder zombies
  A worm (D:3)
  3 dart slugs (D:1)
  6 leopard geckos
  13 orcs
  4 ball pythons
  9 bats
  6 giant cockroaches
  13 goblins
  5 hobgoblins
  14 jackals
  4 quokkas
  A ball python skeleton (D:4)
  5 frilled lizards
  11 kobolds
  2 leopard gecko skeletons (D:5)
  A quokka zombie (D:4)
  6 rats
203 creatures vanquished.

Notes
Turn   | Place    | Note
-------+----------+-------------------------------------------
     0 | D:1      | Ethylacetat the Naga Venom Mage began the quest for the
                  | Orb.
     0 | D:1      | Reached XP level 1. HP: 15/15 MP: 3/3
   391 | D:1      | Reached XP level 2. HP: 22/22 MP: 5/5
   653 | D:1      | Reached XP level 3. HP: 28/28 MP: 6/6
  1347 | D:2      | Reached skill level 5 in Poison Magic
  1358 | D:2      | Found a burning altar of Makhleb.
  1376 | D:2      | Reached XP level 4. HP: 6/36 MP: 7/7
  1404 | D:2      | Found an iron altar of Okawaru.
  1734 | D:2      | Found a faded altar of an unknown god.
  1750 | D:2      | Reached XP level 5. HP: 19/42 MP: 3/8
  1981 | D:2      | Found a radiant altar of Vehumet.
  2469 | D:3      | Found a shadowy altar of Dithmenos.
  2846 | D:3      | Reached skill level 6 in Poison Magic
  2847 | D:3      | HP: 2/63 [gnoll/+0 whip (9)]
  3234 | D:3      | Found an opulent altar of Gozag.
  3235 | D:3      | Noticed Sigmund
  3246 | D:3      | Killed Sigmund
  3246 | D:3      | Reached XP level 6. HP: 30/49 MP: 5/10
  3630 | D:4      | Noticed Eustachio
  3637 | D:4      | Learned a level 4 spell: Olgreb's Toxic Radiance
  3645 | D:4      | Killed Eustachio
  3645 | D:4      | Reached skill level 7 in Poison Magic
  3645 | D:4      | Reached XP level 7. HP: 54/55 MP: 1/12
  3746 | D:4      | Got a fine leather armour
  3763 | D:4      | Identified the +2 leather armour of the Battered Mystics
                  | {Str+4} (You found it on level 4 of the Dungeon)
  4142 | D:4      | Found a shimmering blue altar of Sif Muna.
  4313 | D:5      | Entered Level 5 of the Dungeon
  4522 | D:5      | Reached skill level 5 in Transmutations
  4534 | D:5      | Reached skill level 8 in Poison Magic
  4836 | D:5      | Reached XP level 8. HP: 13/62 MP: 12/14
  4844 | D:5      | HP: 3/62 [wight/cursed +0 vorpal spear (1)]
  5325 | D:5      | Reached skill level 9 in Poison Magic
  5829 | D:6      | Reached skill level 10 in Poison Magic
  5829 | D:6      | Reached XP level 9. HP: 59/68 MP: 8/16
  5970 | D:6      | Reached skill level 5 in Spellcasting
  5997 | D:6      | Found a hazy altar of Hepliaklqana.
  6061 | D:6      | Reached skill level 1 in Fighting
  6061 | D:6      | Reached skill level 1 in Unarmed Combat
  6180 | D:6      | Found a shattered altar of Ashenzari.
  6301 | D:6      | Found a bloodstained altar of Trog.
  6570 | D:6      | Noticed Grinder
  6589 | D:6      | Killed Grinder
  6832 | D:6      | Found a sparkling altar of Nemelex Xobeh.
  6832 | D:6      | Found a shimmering altar of Xom.
  6832 | D:6      | Found a glowing silver altar of Zin.
  6832 | D:6      | Found a glowing golden altar of the Shining One.
  6838 | D:6      | Found an ancient bone altar of Kikubaaqudgha.
  6842 | D:6      | Found an ornate altar of the Wu Jian Council.
  7538 | D:7      | Reached XP level 10. HP: 28/84 MP: 10/19
  7839 | D:7      | Found a staircase to the Ecumenical Temple.
  7865 | D:7      | Identified the ring "Mocar" {rElec rCorr Str+2 Dex-3}
  7887 | Temple   | Entered the Ecumenical Temple
  9112 | D:8      | Found a snail-covered altar of Cheibriados.
  9119 | D:8      | Became a worshipper of Cheibriados the Contemplative
  9488 | D:9      | Reached skill level 1 in Invocations
  9557 | D:9      | Paralysed by fainting for 5 turns
  9641 | D:9      | HP: 4/85 [troll (10)]
  9644 | D:9      | Mangled by a troll

Illustrated notes

Levels and vault maps discovered:
D:1:      lemuel_arrival_funnel, layout_basic, hangedman_decor_clover_reticule,
          st_stairs_4, minivault_11
D:2:      layout_loops_ring, lemuel_round_altar, kennysheep_okawaru_gauntlet,
          makhleb_heckhound_becter, chequers_ecumenical_altar_island,
          first_ration
D:3:      layout_loops_ring, grunt_dithmenos_smoke, grunt_gozag_statues,
          serial_bayou_ford_a, minmay_fountain_box, uniq_sigmund
D:4:      layout_rooms, led_sif_pool, uniq_eustachio
D:5:      layout_rooms
D:6:      layout_basic, overflow_temple_1_default, bloody_trog,
          old_standard_altar, minmay_overflow_temple_hex,
          nicolae_lava_and_water, minmay_fractal_squares_diagonal_5,
          uniq_grinder
D:7:      layout_basic, minmay_temple_entry_glassed_door, grunt_ministairs_14
D:8:      layout_loops_ring, old_standard_altar
D:9:      layout_gridville
Temple:   corrupted_temple

Skill      XL: |  1  2  3  4  5  6  7  8  9 10 |
---------------+-------------------------------+-----
Transmutations | 2 3 4 5 7 8 9 |  9.5
Poison Magic   | 5 6 7 8 10 | 10.1
Spellcasting   | 3 4 6 |  6.4
Fighting       | 3 4 |  4.1
Unarmed Combat | 3 4 |  4.1
Invocations    | 1 |  1.5
Dodging        | |  1.5
Stealth        | |  3.0

Action                   |  1- 3 |  4- 6 |  7- 9 | 10-12 || total
-------------------------+-------+-------+-------+-------++-------
Melee: Unarmed           |    68 |       |       |       ||    68
       Falchion          |       |    43 |       |       ||    43
       Staff             |       |     9 |     1 |       ||    10
       Rapier            |       |       |   165 |   106 ||   271
       Punch             |       |       |       |     2 ||     2
 Cast: Sting             |     5 |    31 |    99 |    35 ||   170
       Olgreb's Toxic Ra |       |     2 |    24 |    12 ||    38
 Abil: Spit Poison       |    44 |    24 |    28 |     7 ||   103
  Use: Potion            |       |     6 |     8 |     1 ||    15
       Scroll            |       |       |     8 |       ||     8
 Stab: Sleeping          |       |     3 |       |     2 ||     5
  Eat: Chunk             |     3 |     8 |    12 |     8 ||    31
       Ration            |       |       |     1 |     1 ||     2
Armor: Robe              |    30 |    30 |    69 |    48 ||   177
       Leather armour    |       |       |    16 |       ||    16
Dodge: Dodged            |    52 |    61 |   107 |    64 ||   284
       Rpst.: Falchion   |       |    15 |       |       ||    15
